cohdb
Replays
Latest Replays
All Replays
Popular Replays
Top Player Replays
Match Explorer
How It Works
Community
CoH3 Stats
Reddit
Sign in to upload your games and track your stats! →
Sign in with Steam
Match 27871449
Unlisted
Match 27871449
Overview
Messages
Build Orders
End
Construct Section Command Post
Infantry Section
Infantry Section
Infantry Section
Construct Platoon Command Post
Humber Armored Car
Humber Armored Car
Selects Indian Artillery Battlegroup
Selects Valour
Selects Gurkha Rifles Section
Infantry Training
Light Vehicle Training
InSaNiedi
aSIISymbiosis
Lox
ashilrye
0
0
Comments
sign in to comment!
No comments posted yet!